AoeStats
← Segipp

Golden Pit

510080818Analyzed
1v1 RM · 3d ago on Sep 29, 2026· 40m 11s· 2 players
Game mode
Random Map
Map size
Tiny (2 player)
Population
200
Speed
Normal
Resources
Standard
Victory
Conquest
Starting age
Dark Age
Ending age
Imperial Age
RankedLock teamsTeams togetherTeam positionsShared explorationLock speedFull tech treeHidden civsTurbo modeCheats
Victory
Defeat
🇨🇱 Bulgarians · Chile
950
+18
🇫🇷 Magyars · France
986
-18
Salvador Allende
11:10 Feudal Age
11:53 Double-Bit Axe
12:55 Scale Mail Armor
13:15 Arson
20:30 Castle Age
19:31 Horse Collar
22:14 Chain Mail Armor
22:03 Squires
23:35 Bow Saw
24:06 Heavy Plow
24:28 Forging
28:46 Pikeman
31:11 Wheelbarrow
33:18 Hand Cart
37:07 Gold Mining
Segipp
3:19 Loom
10:44 Feudal Age
12:37 Double-Bit Axe
12:36 Horse Collar
16:54 Fletching
21:01 Bloodlines
24:27 Castle Age
22:53 Gold Mining
23:30 Scale Barding Armor
25:21 Husbandry
26:45 Chain Barding Armor
28:14 Gold Shaft Mining
27:53 Bow Saw
28:55 Wheelbarrow
28:25 Heavy Plow
33:17 Stone Mining
36:28 Bodkin Arrow
37:42 Thumb Ring
39:06 Padded Archer Armor
Connection lost

Rejoining the realm…

Still unreachable

The connection could not be restored.

Session expired

The server has moved on; the page needs a fresh start.